 Dungeon Sprint DCSS version 0.28.0 (webtiles) character file.

Game seed: 2399167396762836111

49 AmazingTV the Covert (level 3, -3/18 HPs)
             Began as a Spriggan Brigand on July 29, 2022.
             Was an Initiate of Dithmenos.
             Shot with an arrow by a centaur (16 damage)
             ... in the Dungeon (Sprint IX: "|||||||||||||||||||||||||||||").
             The game lasted 00:03:25 (531 turns).

AmazingTV the Covert (Spriggan Brigand)              Turns: 531, Time: 00:03:26

Health: -3/18      AC:  3    Str: 10    XL:     3   Next: 51%
Magic:  4/4        EV: 21    Int: 12    God:    Dithmenos [......]
Gold:   0          SH:  0    Dex: 21    Spells: 2/2 levels left

rFire   . . .      SeeInvis +   p - +2 rapier of Xilim {pain, rPois rC++ Will-, short}
rCold   + + .      Faith    .   (no shield)
rNeg    . . .      Spirit   .   b - +0 robe
rPois   +          Reflect  .   (helmet restricted)
rElec   .          Harm     .   c - +0 cloak
rCorr   .          Rampage  .   (gloves unavailable)
Will    .....      NoTele   +   (boots unavailable)
Stlth   ++++......              (no amulet)
HPRegen 0.06/turn               r - +3 ring of dexterity
MPRegen 0.09/turn               s - +3 ring of strength

@: very quick
A: very small, no large weapons, unfitting armour, see invisible, speed 3
a: Renounce Religion


You were in the Dungeon.
You worshipped Dithmenos.
Dithmenos was noncommittal.
You visited 1 branch


Innate Abilities, Weirdness & Mutations

You are very small and have problems with some larger weapons.
You are too small for most types of armour.
You have supernaturally acute eyesight. (SInv)
You cover ground extremely quickly. (Speed+++)


   Skills:
 - Level 1.5 Fighting
 + Level 4.8 Short Blades
 - Level 2.0 Throwing
 + Level 5.3 Dodging
 + Level 8.6 Stealth


You had 2 spell levels left.
You didn't know any spells.
Your spell library was empty.

Inventory:

Hand Weapons
 a - a +2 dagger {short}
 m - a +2 scimitar of draining {long}
   (You found it in the Dungeon)
 n - a +2 vorpal morningstar {mace}
   (You found it in the Dungeon)
 o - a +3 vorpal war axe {axe}
   (You found it in the Dungeon)
 p - the +2 rapier of Xilim (weapon) {pain, rPois rC++ Will-, short}
   (You found it in the Dungeon)

   In the hands of one skilled in necromantic magic, it inflicts extra damage on
   living creatures.
   rC:        It greatly protects you from cold.
   rPois:     It protects you from poison.
   Will:      It decreases your willpower.
Missiles
 d - 8 poisoned darts (quivered)
 e - 2 curare-tipped darts {=f}
Armour
 b - a +0 robe (worn)
 c - a +0 cloak (worn)
Jewellery
 r - a +3 ring of dexterity (left hand)
   (You found it in the Dungeon)
 s - a +3 ring of strength (right hand)
   (You found it in the Dungeon)
Wands
 q - a wand of acid (10)
   (You found it in the Dungeon)
Scrolls
 k - 2 scrolls of blinking {!r}
Potions
 f - 5 potions of curing {@q1}
 g - 3 potions of heal wounds {@q2}
 h - a potion of haste {@q3}
 i - 4 potions of magic
 j - a potion of berserk rage {!q}
 l - a potion of invisibility

Dungeon Overview and Level Annotations

Branches:
Dungeon (1/1)

Altars:
Cheibriados
Dithmenos
Elyvilon
Fedhas
Gozag
Hepliaklqana
Kikubaaqudgha
Makhleb
Nemelex Xobeh
Okawaru
Qazlal
Ru
Sif Muna
Trog
Uskayaw
Vehumet
Wu Jian
Xom
Yredelemnul
Zin
The Shining One
Beogh
Jiyva
Lugonu

▓'▓
▓.▓
▓?▓
▓)▓
▓.▓
▓[▓
▓[▓
▓[▓
▓@▓
▓.▓
▓'▓
▓c▓
▓c▓
▓T▓
▓O▓
▓W▓
▓Z▓


You could see a two-headed ogre, a troll, a shadow and 2 centaurs.


Message History

There is a roughly hewn altar of Beogh here.
Found an ancient bone altar of Kikubaaqudgha.
There is a snail-covered altar of Cheibriados here.
Found a corrupted altar of Lugonu.
There is a shadowy altar of Dithmenos here.
Found a burning altar of Makhleb.
There is a white marble altar of Elyvilon here.
Found a sparkling altar of Nemelex Xobeh.
There is a blossoming altar of Fedhas here.
Found an iron altar of Okawaru.
There is an opulent altar of Gozag here.
Found a stormy altar of Qazlal.
There is a hazy altar of Hepliaklqana here.
Found a sacrificial altar of Ru.
There is a viscous altar of Jiyva here.
Found a shimmering blue altar of Sif Muna.
There is an ancient bone altar of Kikubaaqudgha here.
Found a bloodstained altar of Trog.
There is a corrupted altar of Lugonu here.
Found a hide-covered altar of Uskayaw.
There is a burning altar of Makhleb here.
Found a radiant altar of Vehumet.
There is a sparkling altar of Nemelex Xobeh here.
You are not religious.
Found an ornate altar of the Wu Jian Council.
There is an iron altar of Okawaru here.
There is a sparkling altar of Nemelex Xobeh here.
There is a burning altar of Makhleb here.
There is a corrupted altar of Lugonu here.
There is an ancient bone altar of Kikubaaqudgha here.
There is a viscous altar of Jiyva here.
There is a hazy altar of Hepliaklqana here.
There is an opulent altar of Gozag here.
There is a blossoming altar of Fedhas here.
There is a white marble altar of Elyvilon here.
There is a shadowy altar of Dithmenos here.
You kneel at the altar of Dithmenos.
Dithmenos welcomes you!
There is a white marble altar of Elyvilon here.
There is a blossoming altar of Fedhas here.
There is an opulent altar of Gozag here.
There is a hazy altar of Hepliaklqana here.
There is a viscous altar of Jiyva here.
There is an ancient bone altar of Kikubaaqudgha here.
There is a corrupted altar of Lugonu here.
There is a burning altar of Makhleb here.
There is a sparkling altar of Nemelex Xobeh here.
There is an iron altar of Okawaru here.
Found a shimmering altar of Xom.
There is a stormy altar of Qazlal here.
Found a basalt altar of Yredelemnul.
There is a sacrificial altar of Ru here.
Found a glowing silver altar of Zin.
There is a shimmering blue altar of Sif Muna here.
Found a glowing golden altar of the Shining One.
There is a bloodstained altar of Trog here.
There is a hide-covered altar of Uskayaw here.
There is a radiant altar of Vehumet here.
There is an ornate altar of the Wu Jian Council here.
There is a shimmering altar of Xom here.
There is a basalt altar of Yredelemnul here.
There is a glowing silver altar of Zin here.
There is a glowing golden altar of the Shining One here.
You open the door.
There is an open door here.
i - 4 potions of magic (gained 2);
l - a potion of invisibility
g - 3 potions of heal wounds {@q2} (gained 2)
f - 5 potions of curing {@q1} (gained 4)
k - 2 scrolls of blinking {!r} (gained 1)
You see here 2 scrolls of amnesia.
m - a +2 scimitar of draining {long};
n - a +2 vorpal morningstar {mace}
o - a +3 vorpal war axe {axe}
p - the +2 rapier of Xilim {pain, rPois rC++ Will-, short}
q - a wand of acid (10)
Things that are here:
a +0 lajatang {staff}; a +2 vampiric halberd {polearm} You see here a +0 pair of boots.
You see here a +0 barding.
You see here a +2 ring mail.
r - a +3 ring of dexterity
s - a +3 ring of strength You feel agile.
r - a +3 ring of dexterity (left hand)
You feel stronger.
s - a +3 ring of strength (right hand)
You have a feeling of ineptitude.
p - the +2 rapier of Xilim (weapon)
{pain, rPois rC++ Will-, short} You open the door. 2 centaurs, a troll, a two-headed ogre, a shadow and an adder zombie come into view.
The centaur shouts! x2; The troll shouts!
The centaur wields a +0 shortbow.
The centaur shoots an arrow.
The arrow hits you. 😮 HP[-5]
You take 5 damage, and now have 13/18 hp.
MASSIVE DAMAGE!! (PAUSE)
Okay, then.
You are too injured to fight recklessly!
The centaur shoots an arrow.
The arrow hits you!
Ouch! That really hurt!
You die...

Skill      XL: |  1  2 |
---------------+-------+-----
Stealth        | 7 8 |  8.6
Dodging        | 3 5 |  5.3
Short Blades   | 3 4 |  4.8
Fighting       | |  1.5
Throwing       | |  2.0

Action                   || total
-------------------------++-------
Melee: Dagger            ||    32
Throw: Dart              ||     3
 Stab: Sleeping          ||     3
Armor: Robe              ||     2
Dodge: Dodged            ||    15

Levels and vault maps discovered:
D:        linesprint [early_d, line_temple, items_1, d_10, items_2, lair_1,
          lair_end, items_3, orc_1, orc_end, items_4, d_15, swamp_1, shoals_1,
          snake_1, spider_1, d_20, vaults_1, items_5, swamp_end, shoals_end,
          snake_end, spider_end, vaults_end, d_27, items_6, zot_1, zot_end,
          crypt_end, forest_end, elf_end, slime_end, tomb_end, abyss_end,
          pan_hell_end]

Notes
Turn   | Place    | Note
-------+----------+-------------------------------------------
     0 | D        | AmazingTV the Spriggan Brigand began the quest for the Orb.
     0 | D        | Reached XP level 1. HP: 10/10 MP: 2/2
     0 | D        | magus.rc [v1.9.6]
     6 | D        | Reached skill level 6 in Stealth
    12 | D        | Reached skill level 2 in Dodging
   151 | D        | Reached skill level 3 in Short Blades
   342 | D        | Noticed a hound
   345 | D        | Reached skill level 3 in Dodging
   345 | D        | Reached skill level 7 in Stealth
   345 | D        | Reached XP level 2. HP: 14/14 MP: 3/3
   347 | D        | Reached skill level 4 in Short Blades
   347 | D        | Reached skill level 5 in Dodging
   347 | D        | Reached skill level 8 in Stealth
   347 | D        | Reached XP level 3. HP: 18/18 MP: 4/4
   464 | D        | Found a snail-covered altar of Cheibriados.
   464 | D        | Found a shadowy altar of Dithmenos.
   464 | D        | Found a white marble altar of Elyvilon.
   464 | D        | Found a blossoming altar of Fedhas.
   464 | D        | Found an opulent altar of Gozag.
   465 | D        | Found a hazy altar of Hepliaklqana.
   466 | D        | Found a viscous altar of Jiyva.
   467 | D        | Found an ancient bone altar of Kikubaaqudgha.
   468 | D        | Found a corrupted altar of Lugonu.
   469 | D        | Found a burning altar of Makhleb.
   470 | D        | Found a sparkling altar of Nemelex Xobeh.
   471 | D        | Found an iron altar of Okawaru.
   472 | D        | Found a stormy altar of Qazlal.
   473 | D        | Found a sacrificial altar of Ru.
   474 | D        | Found a shimmering blue altar of Sif Muna.
   475 | D        | Found a bloodstained altar of Trog.
   476 | D        | Found a hide-covered altar of Uskayaw.
   477 | D        | Found a radiant altar of Vehumet.
   478 | D        | Found an ornate altar of the Wu Jian Council.
   489 | D        | Became a worshipper of Dithmenos the Shadowed
   500 | D        | Found a shimmering altar of Xom.
   501 | D        | Found a basalt altar of Yredelemnul.
   502 | D        | Found a glowing silver altar of Zin.
   503 | D        | Found a glowing golden altar of the Shining One.
   518 | D        | Got the +2 rapier of Xilim {pain, rPois rC++ Will-, short}
   530 | D        | Noticed a centaur
   530 | D        | Noticed a centaur
   530 | D        | Noticed a troll
   530 | D        | Noticed a two-headed ogre
   530 | D        | Noticed a shadow
   531 | D        | Shot with an arrow by a centaur

Vanquished Creatures
  A hound (D)
  An ufetubus (D)
  An adder skeleton (D)
  2 orcs (D)
  2 endoplasms (D)
  A goblin (D)
  2 frilled lizards (D)
10 creatures vanquished.

Table legend:
 A = Non-vault XP
 B = Vault XP
 C = Vault XP percentage of total XP
 D = Non-vault monster count
 E = Vault monster count
 F = Vault count percentage of total count
                 A         B        C        D         E       F
            +---------+---------+-------+---------+---------+-------
      Total |       0 |      70 | 100.0 |       0 |      10 | 100.0
            +---------+---------+-------+---------+---------+-------
          D |       0 |      70 | 100.0 |       0 |      10 | 100.0
            +---------+---------+-------+---------+---------+-------

Illustrated notes

Table legend:
 A = Kills in this place as a percentage of kills in entire the game.
 B = Kills by you in this place as a percentage of kills by you in the entire game.
 C = Kills by friends in this place as a percentage of kills by friends in the entire game.
 D = Other kills in this place as a percentage of other kills in the entire game.
 E = Experience gained in this place as a percentage of experience gained in the entire game.
 F = Experience gained in this place divided by the number of levels of this place that you have seen.
                   A       B       C       D       E      F
               +-------+-------+-------+-------+-------+----------------------
         Total | 100.0 | 100.0 |   N/A |   N/A | 100.0 |  70.0
       Dungeon | 100.0 | 100.0 |   N/A |   N/A | 100.0 |  70.0
               +-------+-------+-------+-------+-------+----------------------

Table legend: (Time is in decaauts)
 A = Elapsed time spent in this place.
 B = Non-inter-level travel time spent in this place.
 C = Inter-level travel time spent in this place.
 D = Time resting spent in this place.
 E = Time spent auto-exploring this place.
 F = Levels seen in this place.
 G = Mean time per level.
                   A        B        C        D        E       F      G
               +--------+--------+--------+--------+--------+-----+--------+
         Total |    487 |    473 |     14 |    386 |      0 |   1 |  487.0 |
       Dungeon |    487 |    473 |     14 |    386 |      0 |   1 |  487.0 |
               +--------+--------+--------+--------+--------+-----+--------+

Top non-repeatable levels by time:
       D: 487 daAuts
